 Dungeon Crawl Stone Soup version 0.18.1-48-g4cf74bf (webtiles) character file.

2465 Mesmaeker13 the Quickloader (level 9, -2/69 HPs)
             Began as a Demonspawn Hunter on Aug 11, 2016.
             Was a Follower of Ashenzari.
             Slain by a killer bee (6 damage)
             ... on level 9 of the Dungeon.
             The game lasted 00:21:00 (8490 turns).

Mesmaeker13 the Quickloader (Demonspawn Hunter)     Turns: 8490, Time: 00:21:02

Health: -2/69      AC:  8    Str: 13    XL:     9   Next: 26%
Magic:  9/9        EV: 14    Int: 13    God:    Ashenzari [*.....]
Gold:   302        SH:  0    Dex: 16    Spells: 0 memorised, 8 levels left

rFire  . . .     SeeInvis .     e - +2 dagger (venom)
rCold  + . .     Gourm    .     I - +0 ring mail {rC+}
rNeg   . . .     Faith    .     (no shield)
rPois  .         Spirit   .     q - +1 helmet (curse)
rElec  .         Dismiss  .     (no cloak)
rCorr  .         Reflect  .     (no gloves)
SustAt .         Harm     .     h - +0 pair of boots
MR     .....                    (no amulet)
Stlth  +.........               (no ring)
                                (no ring)

@: lethally poisoned (-2 -> -23), not resistant to hostile enchantments, very
unstealthy
A: talons 2, demonic guardian 2
a: Curse Item, Scrying, Renounce Religion


You were on level 9 of the Dungeon.
You worshipped Ashenzari.
Ashenzari was aware of your devotion.
You were not hungry.

You visited 2 branches of the dungeon, and saw 10 of its levels.

You collected 302 gold pieces.

Inventory:

Hand Weapons
 a - a +1 hand crossbow
 e - a +2 dagger of venom (weapon)
 o - a +0 whip of freezing
Missiles
 d - 16 bolts
Armour
 h - a +0 pair of boots (worn)
 k - a +0 large shield
 q - a cursed +1 helmet (worn)
 y - a +0 ring mail
 D - the +1 robe of Disappointment {rPois rF- Dex+4 SInv}
   (You found it on level 4 of the Dungeon)

   It affects your dexterity (+4).
   It makes you vulnerable to fire.
   It protects you from poison.
   It lets you see invisible.
 I - a +0 ring mail of cold resistance (worn)
Wands
 m - a wand of hasting (5/9)
 u - a wand of lightning (0/15)
 B - a wand of acid (7/15)
 E - a wand of iceblast (0/15)
 M - a wand of iceblast (7/15)
 O - a wand of teleportation (6/9)
Scrolls
 b - 2 scrolls of immolation
 c - a scroll of amnesia
 i - a scroll of noise {unknown}
 s - a scroll of recharging
 t - 4 scrolls of teleportation
 v - 2 scrolls of remove curse
 A - a scroll of enchant armour
 C - a scroll of random uselessness
 J - a scroll of identify
 L - a scroll of fear
 N - a scroll of fog {unknown}
Potions
 j - a potion of degeneration {unknown}
 l - a potion of flight {unknown}
 n - 2 potions of cancellation {unknown}
 p - a potion of brilliance {unknown}
 w - a potion of resistance {unknown}
 x - a potion of heal wounds
 z - a potion of might {unknown}
 H - a potion of mutation {unknown}
Books
 r - a book of Annihilations

   Spells                             Type                      Level
   a - Poison Arrow                   Conjuration/Poison           6
   b - Chain Lightning                Conjuration/Air              8
   c - Lehudib's Crystal Spear        Conjuration/Earth            8
   d - Glaciate                       Conjuration/Ice              9
   e - Fire Storm                     Conjuration/Fire             9
 F - a book of Callings

   Spells                             Type                      Level
   a - Summon Small Mammal            Summoning                    1
   b - Call Imp                       Summoning                    2
   c - Call Canine Familiar           Summoning                    3
   d - Summon Guardian Golem          Hexes/Summoning              3
   e - Summon Lightning Spire         Summoning/Air                4
   f - Summon Ice Beast               Ice/Summoning                4
 G - a Young Poisoner's Handbook

   Spells                             Type                      Level
   a - Sting                          Conjuration/Poison           1
   b - Cure Poison                    Poison                       2
   c - Mephitic Cloud                 Conjuration/Poison/Air       3
   d - Olgreb's Toxic Radiance        Poison                       4
   e - Venom Bolt                     Conjuration/Poison           5
Comestibles
 f - 4 bread rations
 g - 3 meat rations
 K - 2 fruits


   Skills:
 + Level 6.1 Fighting
 - Level 2.0 Short Blades
 + Level 8.5 Crossbows
 - Level 0.5 Armour
 + Level 6.3 Dodging
 - Level 0.8 Stealth
 - Level 0.6 Evocations


You had 8 spell levels left.
You didn't know any spells.

Dungeon Overview and Level Annotations

Branches:
Dungeon (9/15)             Temple (1/1) D:4            Lair (0/8) D:8
    Orc: D:9-12

Altars:
Ashenzari
Cheibriados
Dithmenos
Elyvilon
Fedhas
Gozag
Makhleb
Nemelex Xobeh
Okawaru
Pakellas
Qazlal
Ru
Vehumet
Xom
Yredelemnul
Zin
The Shining One

Shops:
D:4 }:}}*


Innate Abilities, Weirdness & Mutations

You have razor-sharp toenails.
A demonic guardian rushes to your aid.


Message History

You feel sick. The killer bee stings you.
* * * LOW HITPOINT WARNING * * *
You are lethally poisoned!
The killer bee poisons you! The killer bee stings you.
* * * LOW HITPOINT WARNING * * *
You are more poisoned.
The killer bee poisons you!
Your sun demon hits the killer bee!
The killer bee dies!
The killer bee closely misses you.
You miss the killer bee.
The killer bee is moderately wounded.
* * * LOW HITPOINT WARNING * * *
You feel sick.
Your sun demon misses the killer bee.
The killer bee closely misses you.
The killer bee stings you but does no damage.
You hit the killer bee but do no damage.
The killer bee is poisoned.
* * * LOW HITPOINT WARNING * * *
You feel sick. The killer bee stings you.
You die... #.......%.# +.........+ .........# ...yy.$# .yyyy# yyy#

########y#
#......y@#
#.#####.3#
#..###########
####...#.........
......>...########
###.#...#.#
#.#..##.#
.###.<.....#
#........####


You could see 11 killer bees and a friendly sun demon.

Vanquished Creatures
  The ghost of Melfield the Skirmisher, an amateur GrBe of Trog (D:4)
  An orc warrior (D:6)
  An ice beast (D:7)
  2 ogres
  A centaur (D:7)
  2 scorpions (D:6)
  A wight (D:6)
  A lava snake (D:8)
  5 crimson imps
  A quasit (D:6)
  3 hounds (D:6)
  4 orc priests
  2 giant frog skeletons
  A gnoll shaman (D:5)
  3 iguanas
  Terence (D:2)
  6 orc wizards
  7 worker ants
  2 worker ant zombies
  7 gnolls (D:5)
  11 adders
  A shadow imp (D:6)
  An adder skeleton (D:4)
  2 worms
  A dart slug (D:1)
  4 giant geckos
  17 orcs
  10 bats
  3 giant cockroaches
  2 goblins
  3 hobgoblins
  7 jackals
  5 quokkas
  A ball python skeleton (D:4)
  3 giant newts
  A goblin zombie (D:7)
  10 kobolds
  A quokka zombie (D:5)
  14 rats
  A rat zombie (D:7)
150 creatures vanquished.

Vanquished Creatures (collateral kills)
  2 hungry ghosts
  Edmund (D:6)
  2 gnoll sergeants
  2 killer bees (D:9)
  4 wights (D:6)
  3 orc wizards
  An orc priest (D:3)
  A worker ant (D:8)
  A gnoll (D:5)
  2 giant cockroaches
  A quokka skeleton (D:7)
20 creatures vanquished.

Vanquished Creatures (others)
  A quokka (D:5)
1 creature vanquished.

Grand Total: 171 creatures vanquished

Notes
Turn   | Place    | Note
--------------------------------------------------------------
     0 | D:1      | Mesmaeker13 the Demonspawn Hunter began the quest for the Orb.
     0 | D:1      | Reached XP level 1. HP: 16/16 MP: 1/1
   489 | D:1      | Reached skill level 4 in Crossbows
   489 | D:1      | Gained mutation: A weak demonic guardian rushes to your aid. [demonic ancestry]
   489 | D:1      | Reached XP level 2. HP: 22/22 MP: 2/2
  1097 | D:2      | Reached XP level 3. HP: 26/27 MP: 3/3
  1144 | D:2      | Noticed Terence
  1146 | D:2      | Killed Terence
  1253 | D:2      | Reached XP level 4. HP: 33/33 MP: 4/4
  1321 | D:2      | Found a sacrificial altar of Ru.
  1596 | D:3      | Reached skill level 5 in Crossbows
  1663 | D:3      | Gained mutation: You have sharp toenails. [demonic ancestry]
  1663 | D:3      | Reached XP level 5. HP: 17/38 MP: 5/5
  2162 | D:4      | Noticed Melfield's ghost (amateur GrBe)
  2230 | D:4      | Found Fetitas's General Store.
  2331 | D:4      | HP: 1/38 [Melfield's ghost (2)]
  2344 | D:4      | Killed Melfield's ghost
  2365 | D:4      | Gained mutation: You have razor-sharp toenails. [demonic ancestry]
  2365 | D:4      | Reached XP level 6. HP: 30/46 MP: 6/6
  2512 | D:4      | Reached skill level 1 in Short Blades
  2512 | D:4      | Reached skill level 6 in Crossbows
  2541 | D:4      | Found a radiant altar of Vehumet.
  2555 | D:4      | Found Iraap's Book Shoppe.
  2640 | D:4      | Found Qucux's Gadget Emporium.
  2662 | D:4      | Got an opalescent robe
  2674 | D:4      | Identified the +1 robe of Disappointment {rPois rF- Dex+4 SInv} (You found it on level 4 of the Dungeon)
  2694 | D:4      | Found Gurhohorph's Gadget Boutique.
  2767 | D:4      | Found a staircase to the Ecumenical Temple.
  2772 | Temple   | Entered the Ecumenical Temple
  2994 | Temple   | Became a worshipper of Ashenzari the Shackled
  3089 | D:4      | Found Zigokeel's Gadget Boutique.
  3299 | D:5      | Entered Level 5 of the Dungeon
  3440 | D:5      | Gained mutation: A demonic guardian rushes to your aid. [demonic ancestry]
  3440 | D:5      | Reached XP level 7. HP: 51/51 MP: 7/7
  3780 | D:5      | HP: 1/51 [gnoll/spear (2)]
  4909 | D:5      | Reached skill level 7 in Crossbows
  5384 | D:5      | Found a white marble altar of Elyvilon.
  5678 | D:6      | Reached XP level 8. HP: 55/60 MP: 8/8
  5766 | D:6      | Found an oddly glowing altar of Pakellas.
  5927 | D:6      | Found an iron altar of Okawaru.
  6793 | D:6      | Reached skill level 5 in Dodging
  6801 | D:6      | Reached skill level 5 in Fighting
  6827 | D:6      | Noticed Edmund
  6832 | D:6      | Killed Edmund
  7098 | D:6      | Reached * piety under Ashenzari
  7746 | D:7      | Reached skill level 8 in Crossbows
  7859 | D:7      | Reached XP level 9. HP: 44/69 MP: 9/9
  8302 | D:8      | Found a staircase to the Lair.
  8490 | D:9      | Slain by a killer bee

Skill      XL: |  1  2  3  4  5  6  7  8  9 |
---------------+----------------------------+-----
Crossbows      | 4 5 6 7 8 |  8.5
Dodging        | 2 3 4 5 6 |  6.3
Short Blades   | 1 2 |  2.0
Fighting       | 4 5 6 |  6.1
Armour         | |  0.5
Stealth        | |  0.8
Evocations     | |  0.6

Action                   |  1- 3 |  4- 6 |  7- 9 || total
-------------------------+-------+-------+-------++-------
Melee: Dagger            |    17 |    97 |   477 ||   591
       Hand crossbow     |       |     3 |       ||     3
 Fire: Hand crossbow     |    50 |    36 |    10 ||    96
Invok: Curse Item        |       |     1 |       ||     1
Evoke: Wand              |       |     3 |    11 ||    14
  Use: Potion            |     1 |     3 |     2 ||     6
       Scroll            |       |     7 |     4 ||    11
 Stab: Sleeping          |     2 |     2 |       ||     4
       Distracted        |       |     2 |       ||     2
  Eat: Chunk             |     1 |     6 |     5 ||    12
       Bread ration      |       |       |     1 ||     1
       Beef jerky        |       |       |     2 ||     2
       Meat ration       |       |       |     2 ||     2
Armor: Leather armour    |    11 |     2 |       ||    13
       Ring mail         |       |    43 |   150 ||   193
Dodge: Dodged            |    14 |    72 |   280 ||   366
